GCL
GCL INDIANS @ KOKOMO JACKRABBITS
06/26/2054
 
TOP OF THE 1ST
Stockton Ports batting - Pitching for Bakersfield Blaze : LHP Antony Schwer
Pitching: LHP Antony Schwer
Batting: RHB Juan Carlos Solíz 0-0: Called Strike
0-1: Foul Ball, location: 2F
0-2: Strikes out looking
Batting: RHB Chip Combs 0-0: Ball
1-0: Ball
2-0: Called Strike
2-1: Ball
3-1: Called Strike
3-2: Foul Ball, location: 2F
3-2: Foul Ball, location: 2F
3-2: Strikes out swinging
Batting: LHB Toin Nishikawa 0-0: Ball
1-0: Called Strike
1-1: Foul Ball, location: 2F
1-2: Foul Ball, location: 2F
1-2: Strikes out swinging
Top of the 1st over - 0 runs, 0 hits, 0 errors, 0 left on base; Stockton 0 - Bakersfield 0
BOTTOM OF THE 1ST
Bakersfield Blaze batting - Pitching for Stockton Ports : LHP Luis González
Pitching: LHP Luis González
Batting: RHB Robert Jones 0-0: Foul Ball, location: 2F
0-1: Ground out 5-3 (Groundball, 5L)
Batting: RHB Emanuele Gerosa 0-0: Foul Ball, location: 2F
0-1: Swinging Strike
0-2: Ball
1-2: Strikes out swinging
Batting: LHB Oliver de Kok 0-0: Foul Ball, location: 2F
0-1: Called Strike
0-2: Foul Ball, location: 2F
0-2: Ball
1-2: Ball
2-2: Strikes out swinging
Bottom of the 1st over - 0 runs, 0 hits, 0 errors, 0 left on base; Stockton 0 - Bakersfield 0
TOP OF THE 2ND
Stockton Ports batting - Pitching for Bakersfield Blaze : LHP Antony Schwer
Batting: RHB Chris MacAskill 0-0: Swinging Strike
0-1: Ground out 1-3 (Groundball, 13)
Batting: RHB Michael Tate 0-0: Called Strike
0-1: Ball
1-1: Fly out, F8 (Flyball, 78D)
Batting: RHB Willie Lewis 0-0: Called Strike
0-1: Ball
1-1: Foul Ball, location: 2F
1-2: Ball
2-2: Strikes out swinging
Top of the 2nd over - 0 runs, 0 hits, 0 errors, 0 left on base; Stockton 0 - Bakersfield 0
BOTTOM OF THE 2ND
Bakersfield Blaze batting - Pitching for Stockton Ports : LHP Luis González
Batting: LHB Allen Hopkins 0-0: Foul Ball, location: 2F
0-1: Ball
1-1: Ball
2-1: Ball
3-1: Swinging Strike
3-2: Foul Ball, location: 2F
3-2: Foul Ball, location: 2F
3-2: Strikes out swinging
Batting: LHB Fedya Lekomtsev 0-0: Ball
1-0: Ball
2-0: Fly out, F5 (Popup, 56)
Batting: RHB Avery Andrews 0-0: Ball
1-0: Foul Ball, location: 2F
1-1: Ball
2-1: Fly out, F8 (Flyball, 8LS)
Bottom of the 2nd over - 0 runs, 0 hits, 0 errors, 0 left on base; Stockton 0 - Bakersfield 0
TOP OF THE 3RD
Stockton Ports batting - Pitching for Bakersfield Blaze : LHP Antony Schwer
Batting: RHB Rob Nichols 0-0: Called Strike
0-1: SINGLE (Line Drive, 4D)
Batting: SHB Eli Norwood 0-0: Called Strike
0-1: Fly out, F6 (Line Drive, 6)
Lined into DP, 6-3 (Line Drive, 6)
Batting: LHB Mark McClain 0-0: Swinging Strike
0-1: Foul Ball, location: 2F
0-2: Ball
1-2: DOUBLE (Line Drive, 7LM)
Batting: RHB Juan Carlos Solíz 0-0: Ball
1-0: Ball
2-0: Ball
3-0: Base on Balls
Batting: RHB Chip Combs 0-0: Ball
1-0: Foul Ball, location: 2F
1-1: Fly out, F6 (Popup, P)
Top of the 3rd over - 0 runs, 2 hits, 0 errors, 2 left on base; Stockton 0 - Bakersfield 0
BOTTOM OF THE 3RD
Bakersfield Blaze batting - Pitching for Stockton Ports : LHP Luis González
Batting: RHB Ernesto Chávez 0-0: Ball
1-0: Called Strike
1-1: Foul Ball, location: 2F
1-2: Foul Ball, location: 2F
1-2: Ground out 6-3 (Groundball, 6)
Batting: RHB Greg Griffith 0-0: Ground out 1-3 (Groundball, 13)
Batting: LHB Danny Hawk 0-0: Ball
1-0: Ball
2-0: Ball
3-0: Called Strike
3-1: DOUBLE (Groundball, 3L)
Batting: RHB Robert Jones 0-0: DOUBLE (Flyball, 89D)
Danny Hawk scores
Batting: RHB Emanuele Gerosa 0-0: Hit by Pitch
Batting: LHB Oliver de Kok 0-0: Called Strike
0-1: Ball
1-1: Called Strike
1-2: Ball
2-2: Strikes out swinging
Bottom of the 3rd over - 1 run, 2 hits, 0 errors, 2 left on base; Stockton 0 - Bakersfield 1
TOP OF THE 4TH
Stockton Ports batting - Pitching for Bakersfield Blaze : LHP Antony Schwer
Batting: LHB Toin Nishikawa 0-0: Ball
1-0: Fly out, F7 (Flyball, 7)
Batting: RHB Chris MacAskill 0-0: Ball
1-0: Called Strike
1-1: Ball
2-1: Foul Ball, location: 2F
2-2: Foul Ball, location: 2F
2-2: Ball
3-2: Base on Balls
Batting: RHB Michael Tate 0-0: Called Strike
0-1: Foul Ball, location: 2F
0-2: Ball
1-2: Strikes out looking
Batting: RHB Willie Lewis 0-0: Called Strike
0-1: Called Strike
0-2: Strikes out swinging
Top of the 4th over - 0 runs, 0 hits, 0 errors, 1 left on base; Stockton 0 - Bakersfield 1
BOTTOM OF THE 4TH
Bakersfield Blaze batting - Pitching for Stockton Ports : LHP Luis González
Batting: LHB Allen Hopkins 0-0: Foul Ball, location: 2F
0-1: Foul Ball, location: 2F
0-2: Ball
1-2: Foul Ball, location: 2F
1-2: Ball
2-2: Strikes out swinging
Batting: LHB Fedya Lekomtsev 0-0: Ball
1-0: Foul Ball, location: 2F
1-1: Swinging Strike
1-2: Foul Ball, location: 2F
1-2: Ball
2-2: Strikes out swinging
Batting: RHB Avery Andrews 0-0: Called Strike
0-1: Hit by Pitch
Batting: RHB Ernesto Chávez 0-0: Called Strike
0-1: Ball
1-1: Ball
2-1: Called Strike
Avery Andrews steals 2nd base
2-2: SINGLE (Line Drive, 8LS)
Avery Andrews to third
Runner from 3rd tries for Home, SAFE, throw by CF to home
Batting: RHB Greg Griffith 0-0: SINGLE (Groundball, 56D)
Ernesto Chávez to second
Batting: LHB Danny Hawk 0-0: Foul Ball, location: 2F
0-1: Ground out 4-3 (Groundball, 4)
Bottom of the 4th over - 1 run, 2 hits, 0 errors, 2 left on base; Stockton 0 - Bakersfield 2
TOP OF THE 5TH
Stockton Ports batting - Pitching for Bakersfield Blaze : LHP Antony Schwer
Batting: RHB Rob Nichols 0-0: Foul Ball, location: 2F
0-1: Ball
1-1: Ground out 6-3 (Groundball, 6)
Batting: SHB Eli Norwood 0-0: Ball
1-0: Ground out 6-3 (Groundball, 6)
Batting: LHB Mark McClain 0-0: Ball
1-0: Called Strike
1-1: Foul Ball, location: 2F
1-2: Ball
2-2: Ball
3-2: Strikes out swinging
Top of the 5th over - 0 runs, 0 hits, 0 errors, 0 left on base; Stockton 0 - Bakersfield 2
BOTTOM OF THE 5TH
Bakersfield Blaze batting - Pitching for Stockton Ports : LHP Luis González
Batting: RHB Robert Jones 0-0: Foul Ball, location: 2F
0-1: Ball
1-1: Foul Ball, location: 2F
1-2: Ball
2-2: Ground out 4-3 (Groundball, 4M)
Batting: RHB Emanuele Gerosa 0-0: Ball
1-0: DOUBLE (Flyball, 78XD)
Batting: LHB Oliver de Kok 0-0: Ground out 6-3 (Groundball, 6)
Emanuele Gerosa to third
Batting: LHB Allen Hopkins 0-0: Ball
1-0: Foul Ball, location: 2F
1-1: Swinging Strike
1-2: Strikes out looking
Bottom of the 5th over - 0 runs, 1 hit, 0 errors, 1 left on base; Stockton 0 - Bakersfield 2
TOP OF THE 6TH
Stockton Ports batting - Pitching for Bakersfield Blaze : LHP Antony Schwer
Batting: RHB Juan Carlos Solíz 0-0: Called Strike
0-1: Ball
1-1: Called Strike
1-2: Ground out 1-3 (Groundball, 13)
Batting: RHB Chip Combs 0-0: Called Strike
0-1: Ground out 6-3 (Groundball, 4M)
Batting: LHB Toin Nishikawa 0-0: Ball
1-0: Called Strike
1-1: Swinging Strike
1-2: Strikes out swinging
Top of the 6th over - 0 runs, 0 hits, 0 errors, 0 left on base; Stockton 0 - Bakersfield 2
BOTTOM OF THE 6TH
Bakersfield Blaze batting - Pitching for Stockton Ports : LHP Luis González
Batting: LHB Fedya Lekomtsev 0-0: Ball
1-0: Foul Ball, location: 2F
1-1: Foul Ball, location: 2F
1-2: Ball
2-2: Foul Ball, location: 2F
2-2: SINGLE (Line Drive, 78S)
Pitching: RHP Rick Buckley
Batting: RHB Avery Andrews 0-0: Bunted foul
0-1: Sac Bunt to 3S - play at first, batter OUT! 3-4
Fedya Lekomtsev to second
Batting: RHB Ernesto Chávez 0-0: Ball
1-0: Ground out 6-3 (Groundball, 6)
Batting: RHB Greg Griffith 0-0: Swinging Strike
0-1: Ball
1-1: Ball
2-1: Foul Ball, location: 2F
2-2: Foul Ball, location: 2F
2-2: Strikes out swinging
Bottom of the 6th over - 0 runs, 1 hit, 0 errors, 1 left on base; Stockton 0 - Bakersfield 2
TOP OF THE 7TH
Stockton Ports batting - Pitching for Bakersfield Blaze : LHP Antony Schwer
Batting: RHB Chris MacAskill 0-0: Swinging Strike
0-1: Swinging Strike
0-2: SINGLE (Groundball, 6MD)
Batting: RHB Michael Tate 0-0: Called Strike
0-1: Ball
1-1: Fly out, F7 (Flyball, 7LM)
Batting: RHB Willie Lewis 0-0: Ball
1-0: Ball
2-0: Called Strike
2-1: Grounds into double play, 5-4-3 (Groundball, 56)
Top of the 7th over - 0 runs, 1 hit, 0 errors, 0 left on base; Stockton 0 - Bakersfield 2
BOTTOM OF THE 7TH
Bakersfield Blaze batting - Pitching for Stockton Ports : RHP Rick Buckley
Batting: LHB Danny Hawk 0-0: Called Strike
0-1: Ball
1-1: Ball
2-1: Ball
3-1: Base on Balls
Batting: RHB Robert Jones 0-0: Fly out, F4 (Line Drive, 4)
Batting: RHB Emanuele Gerosa 0-0: Foul Ball, location: 2F
0-1: Fly out, F3 (Popup, 3SF)
Batting: LHB Oliver de Kok 0-0: Ball
1-0: Ground out 1-3 (Groundball, 13S)
Bottom of the 7th over - 0 runs, 0 hits, 0 errors, 1 left on base; Stockton 0 - Bakersfield 2
TOP OF THE 8TH
Stockton Ports batting - Pitching for Bakersfield Blaze : LHP Antony Schwer
Now at C: Roberto Valdés
Now in RF: Bill Horwood
Batting: RHB Rob Nichols 0-0: Called Strike
0-1: Swinging Strike
0-2: Ball
1-2: Strikes out swinging
Batting: SHB Eli Norwood 0-0: Ball
1-0: Foul Ball, location: 2F
1-1: Foul Ball, location: 2F
1-2: Foul Ball, location: 2F
1-2: Ball
2-2: Ball
3-2: Base on Balls
Batting: LHB Mark McClain 0-0: Ball
1-0: Swinging Strike
1-1: Ball
2-1: Foul Ball, location: 2F
2-2: Strikes out swinging
Batting: RHB Juan Carlos Solíz 0-0: Ball
1-0: Ball
2-0: Ball
3-0: Base on Balls
Eli Norwood to second
Batting: RHB Chip Combs 0-0: Ball
1-0: Ball
2-0: Ground out U3 (Groundball, 34)
Top of the 8th over - 0 runs, 0 hits, 0 errors, 2 left on base; Stockton 0 - Bakersfield 2
BOTTOM OF THE 8TH
Bakersfield Blaze batting - Pitching for Stockton Ports : RHP Rick Buckley
Batting: LHB Allen Hopkins 0-0: Ball
1-0: Fly out, F9 (Flyball, 9LD)
Batting: LHB Fedya Lekomtsev 0-0: Ball
1-0: Ball
2-0: Called Strike
2-1: Ball
3-1: Foul Ball, location: 2F
3-2: Base on Balls
Batting: RHB Avery Andrews 0-0: SINGLE (Line Drive, 7S)
Fedya Lekomtsev to second
Pinch Hitting: LHB José Romero 0-0: Called Strike
0-1: Ball
1-1: DOUBLE (Flyball, 8RXD)
Fedya Lekomtsev scores
Avery Andrews to third
Batting: RHB Greg Griffith 0-0: Intentional Walk
Batting: RHB Roberto Valdés 0-0: Called Strike
0-1: Ball
1-1: Ball
2-1: Foul Ball, location: 2F
2-2: Ball
3-2: Foul Ball, location: 2F
3-2: Base on Balls
Avery Andrews scores
José Romero to third
Greg Griffith to second
Pitching: RHP Mitchell Gregory
Batting: RHB Robert Jones 0-0: Ball
1-0: SINGLE (Line Drive, 89S)
José Romero scores
Greg Griffith to third
Roberto Valdés to second
Batting: RHB Emanuele Gerosa 0-0: Called Strike
0-1: Foul Ball, location: 2F
0-2: Ball
1-2: Ball
2-2: Foul Ball, location: 2F
2-2: Grounds into double play, 6-4-3 (Groundball, 6)
Bottom of the 8th over - 3 runs, 3 hits, 0 errors, 2 left on base; Stockton 0 - Bakersfield 5
TOP OF THE 9TH
Stockton Ports batting - Pitching for Bakersfield Blaze : LHP Antony Schwer
Now at SS: Sixto Ortíz
Batting: LHB Toin Nishikawa 0-0: Swinging Strike
0-1: Called Strike
0-2: Ball
1-2: Foul Ball, location: 2F
1-2: Foul Ball, location: 2F
1-2: Ball
2-2: SINGLE (Flyball, 9LM)
Pitching: RHP Brock Johnson
Batting: RHB Chris MacAskill 0-0: Called Strike
0-1: Ball
1-1: Fly out, F8 (Flyball, 89D)
Batting: RHB Michael Tate 0-0: Swinging Strike
0-1: Ball
1-1: Foul Ball, location: 2F
1-2: Grounds into double play, 5-4-3 (Groundball, 56)
Top of the 9th over - 0 runs, 1 hit, 0 errors, 0 left on base; Stockton 0 - Bakersfield 5
Thursday, June 4th, 2020 - OOTP Baseball 20.8 Build 74